Map: Ruins of Seras

Players

Burt - Winner!

  • Race: Terran Terran

whisenhunt

  • Race: Protoss Protoss

VOD

Have the link to the VOD?

Description

Time

  • Played on: Nov. 12, 2015, 8:09 p.m.
  • Length: 9:43
Show
View Real Time Build Order
Export as new Build Order

Burt Terran - Winner!

Build Orders: Reaper Expand, Mech 

Get SALT Encoding   

  12  0:01  SCV  
  13  0:13  SCV  
  14  0:18  Supply Depot  
  14  0:25  SCV  
  15  0:40  SCV  
  15  0:41  Barracks  
  16  0:45  Refinery  
  16  0:53  SCV  
  17  1:05  SCV  
  18  1:17  SCV  
  19  1:28  Reaper  
  19  1:29  Orbital Command  
  20  1:46  Command Center  
  20  1:57  SCV  
  21  2:02  Supply Depot  
  21  2:06  Barracks Reactor  
  21  2:09  SCV  
  22  2:17  Refinery  
  22  2:25  Factory  
  22  2:27  SCV  
  22  2:42  SCV  
  23  2:54  SCV  
  24  3:03  Orbital Command  
  24  3:07  SCV  
  24  3:12  Supply Depot  
  25  3:17  Hellion x2  
  29  3:27  Starport  
  29  3:28  SCV  
  29  3:29  Marine  
  31  3:35  Supply Depot  
  31  3:37  SCV  
  31  3:40  SCV  
  33  3:49  SCV  
  33  3:52  SCV, Hellion x2, Marine  
  40  3:58  Engineering Bay  
  40  4:00  Liberator  
  40  4:01  SCV  
  41  4:04  SCV  
  41  4:08  Bunker  
  42  4:13  SCV  
  42  4:16  SCV  
  44  4:19  Barracks Tech Lab  
  47  4:25  SCV  
  47  4:26  Missile Turret  
  48  4:35  SCV  
  48  4:37  SCV  
  48  4:38  Factory x2  
  50  4:39  Missile Turret  
  50  4:47  SCV  
  50  4:49  Supply Depot, SCV  
  52  4:54  Armory  
  52  5:00  Liberator  
  52  5:02  Liberator  
  52  5:09  Factory Tech Lab  
  52  5:12  SCV x2  
  54  5:16  Refinery  
  54  5:20  Refinery  
  60  5:24  SCV x2  
  60  5:25  Supply Depot  
  60  5:28  Factory Tech Lab  
  62  5:33  Hellion x2  
  66  5:36  SCV  
  66  5:37  SCV  
  66  5:38  Supply Depot  
  68  5:52  Siege Tank, Missile Turret  
  68  5:53  Marine  
  68  5:54  Hellion  
  74  5:59  Hellion, Liberator  
  79  6:26  Supply Depot  
  79  6:33  Hellion x3  
  85  6:41  Missile Turret, Infernal Pre-Igniter  
  85  6:47  Terran Vehicle And Ship Armor Level 1  
  85  6:55  Hellion x3  
  85  6:58  Command Center  
  85  6:59  Missile Turret  
  85  7:01  Missile Turret  
  91  7:02  Missile Turret  
  88  7:08  Missile Turret  
  88  7:09  Missile Turret  
  88  7:19  SCV x2  
  87  7:31  SCV x2  
  84  7:45  Cyclone  
  84  7:46  Cyclone  
  84  7:48  Medivac  
  84  7:50  Hellion  
  94  7:58  Supply Depot x2  
  94  8:10  SCV x2  
  90  8:22  SCV  
  90  8:23  Cyclone x2  
  97  8:55  Cyclone  
  93  9:26  SCV x2  
Show
View Real Time Build Order
Export as new Build Order

whisenhunt Protoss 

Build Orders:  

Get SALT Encoding   

  12  0:02  Probe (Chrono Boost)  
  13  0:13  Probe (Chrono Boost)  
  14  0:23  Pylon  
  14  0:26  Probe (Chrono Boost)  
  15  0:42  Probe (Chrono Boost)  
  16  0:46  Gateway  
  16  0:50  Assimilator  
  16  0:52  Probe (Chrono Boost)  
  17  1:03  Probe (Chrono Boost)  
  18  1:13  Probe (Chrono Boost)  
  19  1:24  Probe (Chrono Boost)  
  20  1:27  Pylon  
  20  1:34  Probe (Chrono Boost)  
  20  1:35  Cybernetics Core  
  21  1:43  Zealot  
  21  1:45  Probe (Chrono Boost)  
  24  1:49  Assimilator  
  24  1:56  Probe (Chrono Boost)  
  25  2:06  Probe (Chrono Boost)  
  26  2:15  Stalker (Chrono Boost), Warp Gate (Chrono Boost)  
  26  2:17  Probe, Pylon  
  29  2:29  Mothership Core  
  31  2:42  Gateway  
  31  2:50  Probe  
  32  2:54  Pylon  
  32  2:59  Sentry (Chrono Boost)  
  34  3:07  Robotics Facility  
  34  3:09  Probe  
  35  3:19  Gateway  
  35  3:28  Pylon  
  35  3:34  Probe (Chrono Boost)  
  36  3:45  Probe (Chrono Boost)  
  37  3:52  Nexus  
  37  4:11  Observer  
  38  4:17  Pylon  
  38  4:18  Pylon  
  38  4:21  Stalker  
  38  4:22  Stalker  
  42  4:29  Pylon  
  42  4:38  Immortal (Chrono Boost)  
  46  4:50  Pylon  
  46  4:55  Sentry  
  46  4:56  Sentry, Pylon  
  50  5:00  Probe (Chrono Boost)  
  51  5:10  Forge  
  51  5:11  Probe (Chrono Boost)  
  52  5:25  Robotics Bay  
  52  5:29  Probe (Chrono Boost)  
  52  5:30  Probe (Chrono Boost)  
  54  5:40  Probe (Chrono Boost)  
  55  5:44  Stalker x2  
  58  6:00  Protoss Ground Weapons Level 1 (Chrono Boost)  
  58  6:06  Pylon  
  58  6:24  Stalker x3  
  62  6:29  Gateway  
  62  6:31  Gateway  
  62  6:33  Gateway  
  62  6:45  Probe x2 (Chrono Boost), Assimilator  
  62  6:47  Assimilator  
  64  6:53  Stalker  
  66  6:56  Probe (Chrono Boost)  
  53  7:11  Stalker x2  
  52  7:20  Extended Thermal Lance (Chrono Boost)  
  50  7:37  Stalker x2  
  50  7:40  Zealot x4  
  62  7:51  Probe  
  62  7:52  Probe  
  64  8:01  Probe  
  64  8:04  Probe  
  66  8:12  Probe  
  56  8:16  Probe  
  24  9:00  Stalker x3  
  24  9:01  Stalker x3  
Tags
 
Composition
Mech
Matchup
PvT
Replay Pack
replay-pack-tvp
Add a new tag
Caveats
  • Supply blocks, unpowered buildings, or Contaminate may cause inaccurate times.
  • Supply counts are checked every 10 seconds.